 Dungeon Crawl Stone Soup version 0.29-a0-321-gf1c400731a (webtiles) character file.

Game seed: 6476864860060517539

3291 septik the Cleaver (level 9, -1/85 HPs)
             Began as a Minotaur Berserker on Apr 5, 2022.
             Was a High Priest of Trog.
             Slain by a yak (6 damage)
             ... on level 7 of the Dungeon.
             The game lasted 00:14:41 (7611 turns).

septik the Cleaver (Minotaur Berserker)             Turns: 7611, Time: 00:14:42

Health: -1/85      AC:  6    Str: 26    XL:     9   Next: 69%
Magic:  8/8        EV: 11    Int:  4    God:    Trog [*****.]
Gold:   302        SH:  0    Dex: 10    Spells: 8/8 levels left

rFire   . . .      SeeInvis .   a - +1 hand axe (freeze)
rCold   . . .      Faith    .   (no shield)
rNeg    . . .      Spirit   .   y - +0 ring mail
rPois   .          Reflect  .   (helmet restricted)
rElec   .          Harm     .   H - +0 cloak
rCorr   .          Rampage  .   (no gloves)
Will    ++...                   (no boots)
Stlth   ..........              (no amulet)
HPRegen 1.24/turn               (no ring)
MPRegen 0.11/turn               (no ring)

@: strong-willed, on berserk cooldown, regenerating, slowed, very slow
A: horns 2, retaliatory headbutt
a: Renounce Religion, Berserk, Trog's Hand, Brothers in Arms


You were on level 7 of the Dungeon.
You worshipped Trog.
Trog was extremely pleased with you.
You visited 1 branch of the dungeon, and saw 7 of its levels.
You also visited: Sewer.

You collected 302 gold pieces.

Inventory:

Hand Weapons
 a - a +1 hand axe of freezing (weapon)
Missiles
 g - 172 stones
 h - 29 poisoned darts (quivered)
 i - 5 javelins
Armour
 b - a +0 animal skin
 y - a +0 ring mail (worn)
 H - a +0 cloak (worn)
Jewellery
 u - a +6 ring of intelligence
 C - a ring of willpower
Wands
 j - a wand of polymorph (6)
 F - a wand of flame (17)
 G - a wand of digging (6)
Scrolls
 d - 2 scrolls of immolation
 f - 10 scrolls of teleportation
 p - 3 scrolls of brand weapon
 t - a scroll of noise
 v - a scroll of amnesia
 z - 3 scrolls of identify
 E - a scroll of fog
Potions
 c - 6 potions of flight
 e - a potion of heal wounds {unknown}
 k - a potion of brilliance {unknown}
 l - 2 potions of ambrosia {unknown}
 m - 3 potions of haste {unknown}
 n - a potion of cancellation {unknown}
 o - a potion of magic {unknown}
 q - 2 potions of curing {unknown}
 r - a potion of invisibility {unknown}
 w - a potion of resistance {unknown}
 x - 3 potions of lignification {unknown}
 A - a potion of berserk rage {unknown}
 B - 5 potions of might {unknown}


   Skills:
 + Level 9.8 Fighting
 - Level 14.0 Axes
 - Level 2.4 Armour
 - Level 2.1 Dodging


You had 8 spell levels left.
You didn't know any spells.
Your spell library was empty.

Dungeon Overview and Level Annotations

Branches:
Dungeon (7/15)             Temple (0/1) D:6           Sewer (visited)

Altars:
Cheibriados
Hepliaklqana
Kikubaaqudgha
Zin
The Shining One


Innate Abilities, Weirdness & Mutations

You have a pair of horns on your head.
You reflexively headbutt those who attack you in melee.


Message History

Your orc hits the yak but does no damage.
Your sky beast flickers out of sight for a moment.
The scorpion stings your sky beast. The yak attacks as you move away!
The yak barely misses you.
An orc comes into view. It is wielding a +0 short sword.
The orc shouts!
An orc warrior comes into view. It is wielding a +0 battleaxe.
An orc comes into view. It is wielding a +0 short sword.
The yak gores you!
Your sky beast hits the scorpion but does no damage.
The yak gores you. x2; The yak closely misses you.
The sky beast flickers out of sight!
Deactivating autopickup; reactivate with Ctrl-A.
The yak attacks as you move away! The yak gores you but does no damage.
The yak attacks as you move away! The yak gores you but does no damage.
The yak attacks as you move away! The yak gores you!
* * * LOW HITPOINT WARNING * * *
Your sky beast hits the scorpion but does no damage.
Your orc hits the yak with a +0 whip. Something hits your orc.
Something shocks your orc.
Your orc dies!
Your orc's corpse dissolves into shadows!
An orc comes into view.
It is wielding a +0 trident and wearing a +0 scale mail of fire resistance.
The orc wizard mumbles some strange words.
The orc wizard flickers and vanishes!
The yak attacks as you move away! The yak gores you.
* * * LOW HITPOINT WARNING * * *
The yak attacks as you move away! The yak gores you.
* * * LOW HITPOINT WARNING * * *
Your sky beast hits the scorpion.
Your sky beast shocks the scorpion.
The yak closely misses you. The yak gores you.
* * * LOW HITPOINT WARNING * * *
The yak attacks as you move away! The yak gores you!
* * * LOW HITPOINT WARNING * * *
The yak attacks as you move away! The yak closely misses you.
You furiously retaliate!
You headbutt the yak!
You hear the slow hiss of an avalanche of sand very nearby.
The yak attacks as you move away! The yak gores you but does no damage.
The yak attacks as you move away! The yak gores you.
You die...

.......#.............#
.o.?.o...............#
..........†.........#
#............(.....#
..#####oo.......≈.)......
#.......o#YY....)).....#
#..............).........
#.......YYs..............
#.......@Y...........##..
##................###.....
###............(.....#
##..
...............!........
#..
####......>.........#...#
## ##.$..<.........##...#
##.....##.....## ...#
############## ##


You could see 4 yaks, an orc warrior, a scorpion (ally target), 3 orcs and a
friendly sky beast (summoned, invisible).

Vanquished Creatures
  Prince Ribbit (D:6)
  Sigmund (D:4)
  A wyvern (D:6)
  Eustachio (D:5)
  A yak (D:7)
  Menkaure (D:7)
  3 black bears
  An ice beast (D:5)
  Duvessa (D:4)
  A sky beast (D:5)
  A centaur (D:6)
  4 ogres
  2 kobold brigands (D:6)
  4 bullfrogs (D:6)
  A scorpion (D:5)
  Dowan (D:4)
  7 orc priests
  2 hounds
  3 iguanas
  6 orc wizards
  4 gnolls (D:7)
  12 adders
  5 river rats (Sewer)
  An ufetubus (D:6)
  3 worms
  5 dart slugs
  23 orcs
  16 ball pythons
  13 bats
  8 endoplasms
  12 giant cockroaches
  11 goblins
  6 hobgoblins
  13 jackals
  10 quokkas
  6 frilled lizards
  24 kobolds
  7 rats
222 creatures vanquished.

Vanquished Creatures (others)
  A human (D:3)
  17 fungi (D:5)
  16 plants (D:3)
34 creatures vanquished.

Grand Total: 256 creatures vanquished

Notes
Turn   | Place    | Note
-------+----------+-------------------------------------------
     0 | D:1      | septik the Minotaur Berserker began the quest for the Orb.
     0 | D:1      | Reached XP level 1. HP: 19/19 MP: 0/0
    58 | D:1      | You fall into a shaft and drop 1 floor!
    76 | D:1      | Reached skill level 4 in Axes
    80 | D:1      | Reached XP level 2. HP: 10/26 MP: 1/1
   765 | D:1      | Reached skill level 5 in Axes
   779 | D:1      | Reached XP level 3. HP: 31/31 MP: 2/2
   843 | D:1      | Reached ** piety under Trog
  1470 | D:2      | Reached skill level 6 in Axes
  1470 | D:2      | Reached XP level 4. HP: 24/39 MP: 3/3
  2097 | D:3      | Found a hazy altar of Hepliaklqana.
  2188 | D:3      | Found an ancient bone altar of Kikubaaqudgha.
  2247 | D:3      | Reached skill level 7 in Axes
  2247 | D:3      | Reached XP level 5. HP: 45/45 MP: 4/4
  2368 | D:3      | Found a snail-covered altar of Cheibriados.
  2442 | D:3      | Reached *** piety under Trog
  2742 | D:3      | Reached skill level 8 in Axes
  2905 | D:3      | Noticed a human
  2907 | D:3      | Killed a human
  3272 | D:3      | Reached XP level 6. HP: 47/51 MP: 5/5
  3410 | D:4      | Noticed Sigmund
  3415 | D:4      | Killed Sigmund
  3416 | D:4      | Reached skill level 9 in Axes
  3455 | D:4      | Found a glowing silver altar of Zin.
  3526 | D:4      | Reached XP level 7. HP: 53/57 MP: 6/6
  3542 | D:4      | Noticed Dowan
  3543 | D:4      | Noticed Duvessa
  3551 | D:4      | Killed Duvessa
  3552 | D:4      | Reached skill level 10 in Axes
  3554 | D:4      | Killed Dowan
  3720 | D:4      | Found a glowing drain.
  3731 | Sewer    | Entered a sewer
  3905 | Sewer    | Reached **** piety under Trog
  4533 | D:4      | Reached skill level 11 in Axes
  4796 | D:4      | Found a glowing golden altar of the Shining One.
  4830 | D:4      | Reached XP level 8. HP: 49/64 MP: 7/7
  5141 | D:5      | Entered Level 5 of the Dungeon
  5201 | D:5      | Reached skill level 12 in Axes
  5505 | D:5      | Reached skill level 13 in Axes
  6456 | D:6      | Noticed Eustachio
  6479 | D:5      | Killed Eustachio
  6594 | D:6      | Reached skill level 5 in Fighting
  6594 | D:6      | Reached XP level 9. HP: 53/74 MP: 8/8
  6775 | D:6      | Reached skill level 14 in Axes
  6955 | D:6      | Found a staircase to the Ecumenical Temple.
  7065 | D:6      | Noticed Prince Ribbit
  7079 | D:6      | Killed Prince Ribbit
  7563 | D:6      | Reached ***** piety under Trog
  7583 | D:7      | Noticed Menkaure
  7596 | D:7      | Killed Menkaure
  7610 | D:7      | HP: 3/85 [yak (9)]
  7611 | D:7      | Slain by a yak

Illustrated notes

Levels and vault maps discovered:
D:1:      nagdon_arrival_double_spiral, layout_rooms
D:2:      layout_basic
D:3:      minmay_chambers_of_threes, layout_basic, mainiacjoe_overflow_chevrons,
          overflow_temple_1_default, tgw_kikubaaqudgha
D:4:      layout_gridville, lemuel_tele_altar, lemuel_doored_altar,
          portal_sewer_entry_d, uniq_duvessa, uniq_sigmund
D:5:      layout_basic, serial_aquarium, aquarium_bridge_long_joined
          [aquarium_subvault_bridge, aquarium_subvault_wall,
          aquarium_subvault_window, aquarium_subvault_wall,
          aquarium_subvault_balcony, aquarium_subvault_wall],
          aquarium_window_fake, aquarium_window_corner, aquarium_view_2a,
          aquarium_balcony_3b, aquarium_pool_five, minmay_crystal_water
D:6:      layout_rooms, minmay_temple_entry_statues_pillars, uniq_eustachio,
          uniq_prince_ribbit1
D:7:      layout_rooms, gup_ossuary_entry_pyramid, uniq_menkaure

Skill      XL: |  1  2  3  4  5  6  7  8  9 |
---------------+----------------------------+-----
Axes           | 4 5 6 7 8 9 11 13 14 | 14.0
Fighting       | 5 9 |  9.8
Armour         | |  2.4
Dodging        | |  2.1

Action                   |  1- 3 |  4- 6 |  7- 9 || total
-------------------------+-------+-------+-------++-------
Melee: Hand axe          |    89 |   126 |   274 ||   489
       Headbutt          |    13 |    22 |    46 ||    81
Throw: Dart              |       |       |     7 ||     7
Invok: Berserk           |     1 |     3 |     5 ||     9
       Trog's Hand       |       |     2 |     4 ||     6
  Use: Scroll            |       |     7 |     4 ||    11
Armor: Animal skin       |    12 |    14 |    21 ||    47
       Ring mail         |       |       |    59 ||    59
Dodge: Dodged            |    52 |    53 |   152 ||   257

Table legend: (Time is in decaauts)
 A = Elapsed time spent in this place.
 B = Non-inter-level travel time spent in this place.
 C = Inter-level travel time spent in this place.
 D = Time resting spent in this place.
 E = Time spent auto-exploring this place.
 F = Levels seen in this place.
 G = Mean time per level.
                   A        B        C        D        E       F      G
               +--------+--------+--------+--------+--------+-----+--------+
         Total |   7798 |   7643 |    155 |    439 |   5637 |   8 |  974.8 |
       Dungeon |   6833 |   6678 |    155 |    439 |   4920 |   7 |  976.1 |
         Sewer |    965 |    965 |      0 |      0 |    717 |   1 |  965.0 |
               +--------+--------+--------+--------+--------+-----+--------+

Top non-repeatable levels by time:
     D:3: 1391 daAuts
     D:5: 1320 daAuts
     D:6: 1068 daAuts
     D:2: 1045 daAuts
     D:4: 986 daAuts
     D:1: 978 daAuts
   Sewer: 965 daAuts
     D:7: 41 daAuts
